 Dungeon Crawl Stone Soup version 0.30-a0-639-g3916f1956a (webtiles) character file.

Game seed: 18370525309258131227

212 bmack86 the Chopper (level 5, -1/44 (47) HPs)
             Began as a Minotaur Fighter on Jan 15, 2023.
             Slain by a gnoll bouda
             ... wielding a +1 whip of draining
              (5 damage)
             ... on level 4 of the Dungeon.
             The game lasted 00:07:08 (3050 turns).

bmack86 the Chopper (Minotaur Fighter)              Turns: 3050, Time: 00:07:08

HP:   -1/44 (47)    AC: 14    Str: 23    XL:     5   Next: 58%
MP:   4/4           EV: 10    Int:  1    God:
Gold: 272           SH:  5    Dex: 13    Spells: 4/4 levels left

rFire   x . .      SeeInvis .    a - +0 war axe
rCold   + . .      Faith    .    c - +0 buckler
rNeg    . . .      Spirit   .    q - quicksilver dragon scales
rPois   .          Reflect  .    (helmet restricted)
rElec   .          Harm     .    (no cloak)
rCorr   .          Rampage  .    (no gloves)
Will    ++...                    (no boots)
Stlth   +                        (no amulet)
HPRegen 0.27/turn                o - ring of ice
MPRegen 0.09/turn                w - ring of Emajad {Will+ AC+4 Int-4 Dex+4}

@: lethally poisoned (-1 -> -19), drained
A: horns 2, retaliatory headbutt
a: no special abilities


You were on level 4 of the Dungeon.
You visited 1 branch of the dungeon, and saw 4 of its levels.

You collected 272 gold pieces.

Inventory:

Hand Weapons
 a - a +0 war axe (weapon)
Missiles
 e - 4 poisoned darts
 u - 6 javelins (quivered)
Armour
 c - a +0 buckler (worn)
 q - quicksilver dragon scales (worn)
 v - a +0 plate armour
Jewellery
 m - an amulet of faith
 o - a ring of ice (left hand)
 w - the ring of Emajad (right hand) {Will+ AC+4 Int-4 Dex+4}
   (You found it on level 4 of the Dungeon)

   [ring of protection]

   AC:        It affects your AC (+4).
   Int:       It affects your intelligence (-4).
   Dex:       It affects your dexterity (+4).
   Will:      It increases your willpower.
Wands
 b - a wand of iceblast (2)
Scrolls
 f - 2 scrolls of enchant weapon {unknown}
 g - 2 scrolls of teleportation
 h - a scroll of immolation {unknown}
 i - a scroll of blinking {unknown}
 l - a scroll of summoning
 n - a scroll of acquirement {unknown}
 t - 2 scrolls of identify
Potions
 d - a potion of might
 j - 3 potions of lignification
 k - a potion of curing {unknown}
 p - 3 potions of heal wounds
 r - 3 potions of attraction {unknown}
 s - 2 potions of degeneration {unknown}
 x - a potion of cancellation {unknown}


   Skills:
 + Level 4.5 Fighting
 * Level 4.6 Axes
 + Level 1.8 Throwing
 + Level 4.5 Armour
 + Level 4.4 Shields


You had 4 spell levels left.
You didn't know any spells.
Your spell library contained the following spells:

 Spells                   Type           Power      Damage    Failure   Level
 Kiss of Death            Conj/Necr      0%         2d5       80%         1
 Slow                     Hex            0%         N/A       80%         1
 Confusing Touch          Hex            0%         N/A       99%         3
 Vampiric Draining        Necr           0%         2d6       99%         3
 Dispel Undead            Necr           0%         3d6       100%        4
 Blade Hands              Tmut           0%         N/A       100%        5
 Irradiate                Conj/Tmut      0%         3d11      100%        5
 Dragon Form              Tmut           0%         N/A       100%        7


Dungeon Overview and Level Annotations

Branches:
Dungeon (4/15)
 Temple: D:4-7

Altars:
Zin


Innate Abilities, Weirdness & Mutations

You have a pair of horns on your head.
You reflexively headbutt those who attack you in melee.


Message History

You closely miss the gnoll.
You hit the gnoll bouda but do no damage.
You feel very sick. The gnoll bouda barely misses you.
The gnoll completely misses you. The gnoll hits you with a +0 spear.
The gnoll bouda closely misses you. You furiously retaliate!
You headbutt the gnoll bouda. You hit the gnoll.
The gnoll is lightly wounded.
You hit the gnoll bouda.
Your attacks no longer feel as feeble.
You feel sick. The gnoll hits you but does no damage.
You are more poisoned.
The gnoll hits you with a +0 spear! The gnoll bouda completely misses you.
You slash the gnoll!
The gnoll is severely wounded.
You hit the gnoll bouda.
You feel very sick. The gnoll barely misses you. The gnoll misses you.
The gnoll bouda hits you with a +1 whip of draining.
You feel drained. The gnoll hits you but does no damage.
You are lethally poisoned!
The gnoll hits you but does no damage.
You closely miss the gnoll. Your headbutt misses the gnoll.
The gnoll is severely wounded.
You hit the gnoll bouda but do no damage.
* * * LOW HITPOINT WARNING * * *
You feel extremely sick.
The gnoll bouda hits you but does no damage.
You feel drained.
The gnoll hits you from afar with a +3 spear of venom.
* * * LOW HITPOINT WARNING * * *
You are more poisoned.
The gnoll hits you but does no damage.
The gnoll bouda prays to its god.
The gnoll bouda is healed somewhat.
* * * LOW HITPOINT WARNING * * *
You feel very sick. You block the gnoll's attack.
The gnoll bouda hits you with a +1 whip of draining.
You die...

##..##.........##.#.
##.##.....#...##.#.
#........#...##.#.
####.....#...#..#.
#..####.....##.
##.........###.
#####.>.......
##########...#####
#@g...............
#.################
#g# #g# #g# #g# #g#
#.# #.#


You could see a gnoll bouda and 5 gnolls.

Vanquished Creatures
  A necrophage (D:3)
  2 iguanas (D:4)
  3 adders
  A worm (D:4)
  2 dart slugs
  5 ball pythons
  10 endoplasms
  2 giant cockroaches
  7 goblins
  9 hobgoblins
  4 quokkas
  5 bats
  2 frilled lizards
  3 kobolds
  3 rats
59 creatures vanquished.

Notes
Turn   | Place    | Note
-------+----------+-------------------------------------------
     0 | D:1      | bmack86 the Minotaur Fighter began the quest for the Orb.
     0 | D:1      | Reached XP level 1. HP: 19/19 MP: 0/0
   268 | D:1      | Reached XP level 2. HP: 4/27 MP: 1/1
  1126 | D:2      | You fall into a shaft and drop 1 floor!
  1142 | D:3      | Noticed a necrophage
  1150 | D:3      | Killed a necrophage
  1151 | D:3      | Reached skill level 1 in Throwing
  1151 | D:3      | Reached XP level 3. HP: 21/33 MP: 2/2
  1151 | D:3      | Reached XP level 4. HP: 26/40 MP: 3/3
  2011 | D:3      | Found a glowing silver altar of Zin.
  2012 | D:3      | Noticed an angel
  2459 | D:3      | Reached XP level 5. HP: 47/47 MP: 4/4
  2840 | D:4      | Identified the ring of Emajad {Will+ AC+4 Int-4 Dex+4}
  3050 | D:4      | Slain by a gnoll bouda

Illustrated notes

Levels and vault maps discovered:
D:1:      pf_arrival_petrified_forest, layout_loops_corners
D:2:      layout_basic, grunt_decor_arrowhead
D:3:      layout_loops_ring, zin_angel, hangedman_glass_teeth,
          minmay_goblin_outpost
D:4:      cheibrodos_quashed, layout_basic

Skill      XL: |  1  2  3  4 |
---------------+-------------+-----
Axes           | 3 4 |  4.6
Fighting       | 4 |  4.5
Throwing       | 1 |  1.8
Armour         | 4 |  4.5
Shields        | 4 |  4.4

Action                   |  1- 3 |  4- 6 || total
-------------------------+-------+-------++-------
Melee: War axe           |    45 |    61 ||   106
       Headbutt          |     8 |     8 ||    16
Throw: Dart              |     1 |       ||     1
       Javelin           |       |     3 ||     3
  Use: Scroll            |       |     4 ||     4
Armor: Scale mail        |    18 |     6 ||    24
       Plate armour      |       |    19 ||    19
       Chain mail        |       |    10 ||    10
       Quicksilver drago |       |    19 ||    19
Dodge: Dodged            |    13 |    43 ||    56
Block: Buckler           |    17 |    20 ||    37

Table legend: (Time is in decaauts)
 A = Elapsed time spent in this place.
 B = Non-inter-level travel time spent in this place.
 C = Inter-level travel time spent in this place.
 D = Time resting spent in this place.
 E = Time spent auto-exploring this place.
 F = Levels seen in this place.
 G = Mean time per level.
                   A        B        C        D        E       F      G
               +--------+--------+--------+--------+--------+-----+--------+
         Total |   3087 |   2993 |     94 |     95 |   2052 |   4 |  771.8 |
       Dungeon |   3087 |   2993 |     94 |     95 |   2052 |   4 |  771.8 |
               +--------+--------+--------+--------+--------+-----+--------+

Top non-repeatable levels by time:
     D:1: 1141 daAuts
     D:3: 933 daAuts
     D:2: 765 daAuts
     D:4: 247 daAuts
